 Dungeon Crawl Stone Soup version 0.30-a0-1094-g860fb061e7 (webtiles) character file.

Game seed: 1404302157486816653

45 lunkers the Slasher (level 4, 0/29 HPs)
             Began as a Meteoran Fighter on Apr 17, 2023.
             Slain by a goblin
             ... wielding a +0 dagger
              (1 damage)
             ... on level 2 of the Dungeon.
             The game lasted 00:00:56 (622 turns).

lunkers the Slasher (Meteoran Fighter)               Turns: 622, Time: 00:00:56

Health: 0/29       AC:  6    Str: 18    XL:     4   Next: 12%
Magic:  5/5        EV:  9    Int:  9    God:
Gold:   61         SH:  5    Dex: 15    Spells: 3/3 levels left

rFire   . . .      SeeInvis .    a - +0 long sword
rCold   . . .      Faith    .    c - +0 buckler
rNeg    . . .      Spirit   .    b - +0 scale mail
rPois   .          Reflect  .    (no helmet)
rElec   .          Rampage  .    (no cloak)
rCorr   .                        (no gloves)
Will    .....                    (no boots) Stlth
                                 (no amulet)
HPRegen 0.24/turn                (no ring)
MPRegen 0.09/turn                (no ring)

@: lethally poisoned (0 -> -6), glowing
A: sense surroundings 1, otherworldly, glowing, explore regen
a: no special abilities


You were on level 2 of the Dungeon.
You visited 1 branch of the dungeon, and saw 2 of its levels.

You collected 61 gold pieces.

Inventory:

Hand Weapons
 a - a +0 long sword (weapon)
Armour
 b - a +0 scale mail (worn)
 c - a +0 buckler (worn)
Scrolls
 e - a scroll of fog {unknown}
 f - a scroll of fear {unknown}
 g - a scroll of poison {unknown}
Potions
 d - a potion of might


   Skills:
 - Level 3.2 Fighting
 + Level 4.7 Long Blades
 - Level 3.6 Armour
 - Level 3.6 Shields


You had 3 spell levels left.
You didn't know any spells.
Your spell library was empty.

Dungeon Overview and Level Annotations

Branches:
Dungeon (2/15) Zot: 764

Altars:


Innate Abilities, Weirdness & Mutations

You passively map a small area around you.
You are easily found by Zot.
You glow in the dark.
You regain HP and MP as you explore.


Message History

You feel sick. You block the adder's attack.
An endoplasm comes into view.
You block the adder's attack.
You are too injured to fight recklessly!
You are too injured to fight recklessly!
You are too injured to fight recklessly!
Unknown command.
The adder attacks as you move away! You block the adder's attack.
You feel sick.
There is a stone staircase leading up here.
You feel sick. The adder barely misses you.
You climb upwards.
You feel sick.
There is a stone staircase leading down here.
You slash the adder!
You kill the adder!
You feel sick.
You are no longer poisoned.
You have reached level 4!
There is a stone staircase leading down here.
You climb downwards.
The gnoll hits you but does no damage. The endoplasm freezes you.
You are frozen.
* * * LOW HITPOINT WARNING * * *
The endoplasm hits you.
* * * LOW HITPOINT WARNING * * *
The gnoll barely misses you.
There is a stone staircase leading up here.
You can't go down here!
Unknown command.
The gnoll attacks as you move away!
The gnoll hits you with a +1 whip of venom.
* * * LOW HITPOINT WARNING * * *
You are lethally poisoned!
* * * LOW HITPOINT WARNING * * *
You feel very sick. The endoplasm freezes you.
You are frozen.
* * * LOW HITPOINT WARNING * * *
The goblin hits you with a +0 dagger.
You die...

* * ##.# ...#
*, #..# # *
,* *##$.#.# *
* * *
##...#.# , *
# #.#....# *
,#.#.#|...#
*, #...#.#..#
**# #g@.#.#
..###.#ggJ..#
,
#........####
* ..###.#..#*
* ,,...#....
, , , ....
...### * *
.........#
,...# .#.##
,,, ... ..#.#


You could see 2 gnolls, an endoplasm and a goblin.

Vanquished Creatures
  An adder (D:1)
  2 gnolls
  An endoplasm (D:1)
  A goblin (D:1)
  A hobgoblin (D:1)
  2 jackals (D:1)
  A kobold (D:1)
  2 quokkas
  A ball python (D:1)
  3 bats (D:1)
  A rat (D:1)
16 creatures vanquished.

Notes
Turn   | Place    | Note
-------+----------+-------------------------------------------
     0 | D:1      | lunkers the Meteoran Fighter began the quest for the Orb.
     0 | D:1      | Reached XP level 1. HP: 19/19 MP: 2/2
   129 | D:1      | Reached skill level 3 in Long Blades
   129 | D:1      | Reached XP level 2. HP: 25/26 MP: 3/3
   485 | D:1      | Reached XP level 3. HP: 24/31 MP: 4/4
   491 | D:1      | Glimpsed the power of Zot.
   509 | D:1      | Reached skill level 4 in Long Blades
   539 | D:1      | Glimpsed the power of Zot.
   579 | D:1      | Glimpsed the power of Zot.
   589 | D:1      | Touched by the power of Zot.
   610 | D:1      | Reached XP level 4. HP: 11/29 MP: 5/5
   622 | D:2      | HP: 1/29 [frozen (2)]
   622 | D:2      | Slain by a goblin

Illustrated notes

Levels and vault maps discovered:
D:1:      dpeg_arrival_chambers_temple_mockup, layout_basic
D:2:      layout_loops_ring, serial_shops, nicolae_shop_statue_plus, basic_altar

Skill      XL: |  1  2  3 |
---------------+----------+-----
Long Blades    | 3 4 |  4.7
Fighting       | |  3.2
Armour         | |  3.6
Shields        | |  3.6

Action                     |  1- 3 |  4- 6 || total
---------------------------+-------+-------++-------
  Melee: Long sword        |    48 |       ||    48
 Armour: Scale mail        |    24 |     1 ||    25
  Dodge: Dodged            |    12 |     1 ||    13
  Block: Buckler           |    15 |       ||    15

Table legend: (Time is in decaauts)
 A = Elapsed time spent in this place.
 B = Non-inter-level travel time spent in this place.
 C = Inter-level travel time spent in this place.
 D = Time resting spent in this place.
 E = Time spent auto-exploring this place.
 F = Levels seen in this place.
 G = Mean time per level.
                   A        B        C        D        E       F      G
               +--------+--------+--------+--------+--------+-----+--------+
         Total |    635 |    587 |     48 |      0 |    445 |   2 |  317.5 |
       Dungeon |    635 |    587 |     48 |      0 |    445 |   2 |  317.5 |
               +--------+--------+--------+--------+--------+-----+--------+

Top non-repeatable levels by time:
     D:1: 614 daAuts
     D:2: 21 daAuts
